 Dungeon Crawl Stone Soup version 0.27.1-3-gb3d3a73c9e (webtiles) character file.

Game seed: 12571783413693982316

77 belegose the Chopper (level 4, -4/41 HPs)
             Began as a Hill Orc Monk on Oct 9, 2021.
             Slain by a worm (9 damage)
             ... on level 3 of the Dungeon.
             The game lasted 00:03:59 (2601 turns).

belegose the Chopper (Hill Orc Monk)                Turns: 2601, Time: 00:04:00

Health: -4/41      AC:  5    Str: 14    XL:     4   Next: 34%
Magic:  4/4        EV: 11    Int: 10    God:
Gold:   88         SH:  0    Dex: 13    Spells: 3/3 levels left

rFire    . . .     SeeInvis .   a - +0 hand axe
rCold    + . .     Faith    .   (no shield)
rNeg     . . .     Spirit   .   i - +0 ring mail
rPois    .         Reflect  .   (no helmet)
rElec    .         Harm     .   (no cloak)
rCorr    .         Rampage  .   (no gloves)
Will     .....                  (no boots)
Stlth    +.........             (no amulet)
HPRegen  0.13/turn              e - ring of protection from cold
MPRegen  0.09/turn              (no ring)

@: no status effects
A: no striking features
a: no special abilities


You were on level 3 of the Dungeon.
You visited 1 branch of the dungeon, and saw 3 of its levels.

You collected 88 gold pieces.

Inventory:

Hand Weapons
 a - a +0 hand axe (weapon)
Missiles
 g - 85 stones (quivered)
Armour
 i - a +0 ring mail (worn)
Jewellery
 e - a ring of protection from cold (left hand)
Scrolls
 b - 3 scrolls of noise {unknown}
 f - a scroll of identify {unknown}
 j - a scroll of acquirement {unknown}
Potions
 c - a potion of heal wounds {unknown}
 d - a potion of curing {unknown}
 h - a potion of degeneration {unknown}
 k - a potion of lignification {unknown}


   Skills:
 + Level 4.4 Fighting
 + Level 4.8 Axes
 + Level 0.7 Throwing
 + Level 2.0 Armour
 - Level 2.4 Dodging
 - Level 1.5 Stealth
 + Level 1.3 Invocations


You had 3 spell levels left.
You didn't know any spells.
Your spell library contained the following spells:

 Spells                   Type           Power      Damage    Failure   Level
 Slow                     Hex            0%         N/A       75%         2
 Confusing Touch          Hex            0%         N/A       92%         3
 Vampiric Draining        Necr           0%         2d6       92%         3


Dungeon Overview and Level Annotations

Branches:
Dungeon (3/15)

Altars:

Shops:
D:1 *


Message History

You climb downwards.
There is a stone staircase leading up here.
You climb upwards.
There is a stone staircase leading down here.
Unknown command.
There is a stone staircase leading down here.
You climb downwards.
There is a stone staircase leading up here.
The worm bites you.
You barely miss the worm. You barely miss the worm. The worm barely misses you.
You completely miss the worm. The worm bites you!
You completely miss the worm. You completely miss the worm. The worm bites you.
You hit the worm.
The worm is moderately wounded.
The worm bites you!
You barely miss the worm.
The worm is moderately wounded.
You hit the worm.
The worm is moderately wounded.
The worm barely misses you.
You hit the worm but do no damage.
The worm is moderately wounded.
The worm barely misses you.
You barely miss the worm.
The worm is moderately wounded.
You hit the worm but do no damage.
The worm is moderately wounded.
The worm bites you.
You barely miss the worm.
The worm is lightly wounded.
The worm bites you!
* * * LOW HITPOINT WARNING * * *
You hit the worm.
The worm is heavily wounded.
You barely miss the worm.
The worm is heavily wounded.
The worm bites you!
You die...

##<# .#
#...........#
.##
#.###.###.#.#
... #.#
#....# ...
#.#
#.........
##.##
###...##..#
...
.......<$.#
#w#
##......... #
#@#
#.#.####.#
#.##.###.# #
.# #.<.....#
#
#.##........
# #########


You could see a worm.

Vanquished Creatures
  2 adders (D:2)
  A worm (D:2)
  2 dart slugs (D:1)
  An orc (D:2)
  2 ball pythons
  A bat (D:2)
  4 endoplasms
  4 giant cockroaches
  4 goblins
  4 hobgoblins
  7 jackals (D:1)
  5 kobolds
  3 quokkas
  2 frilled lizards
  2 rats
44 creatures vanquished.

Vanquished Creatures (others)
  A plant (D:1)
1 creature vanquished.

Grand Total: 45 creatures vanquished

Notes
Turn   | Place    | Note
-------+----------+-------------------------------------------
     0 | D:1      | belegose the Hill Orc Monk began the quest for the Orb.
     0 | D:1      | Reached XP level 1. HP: 19/19 MP: 1/1
   199 | D:1      | Reached XP level 2. HP: 27/27 MP: 2/2
   220 | D:1      | Reached skill level 1 in Armour
   625 | D:1      | Reached XP level 3. HP: 30/33 MP: 3/3
  1210 | D:1      | Found Zeraotwu's Assorted Antiques.
  1619 | D:2      | Found a faded altar of an unknown god.
  1728 | D:2      | Reached skill level 1 in Invocations
  1958 | D:2      | Reached XP level 4. HP: 28/41 MP: 4/4
  2601 | D:3      | Slain by a worm

Illustrated notes

Levels and vault maps discovered:
D:1:      lightli_arrival_statuegarden, layout_basic, serial_shops, shop
D:2:      layout_rooms, dreamdust_ecumenical_altar_angels_and_demons
D:3:      layout_loops_ring, serial_rivers, chequers_serial_rivers_small_3,
          chequers_serial_rivers_small_b, chequers_serial_rivers_micro_c,
          chequers_serial_rivers_small_b

Skill      XL: |  1  2  3 |
---------------+----------+-----
Armour         | 1 2 |  2.0
Fighting       | 4 |  4.4
Invocations    | 1 |  1.3
Axes           | |  4.8
Throwing       | |  0.7
Dodging        | |  2.4
Stealth        | |  1.5

Action                   |  1- 3 |  4- 6 || total
-------------------------+-------+-------++-------
Melee: Hand axe          |   157 |    33 ||   190
 Stab: Sleeping          |     2 |       ||     2
Armor: Robe              |    12 |       ||    12
       Ring mail         |    29 |     6 ||    35
Dodge: Dodged            |   102 |    12 ||   114
